[ AOE2 MATCH · #473780533 ]
UnrankedTeutons vs Britons
[ REPLAY ANALYSIS · EXTRACTED FROM THE RECORDED GAME ]
Feudal
14:20
Castle
18:24
Imperial
41:46
| APM avg | 34.0 |
| APM peak | 64 |
| eAPM avg | 19.8 |
| Villagers / military | 173 / 253 |
Focus
⚔️ 34.7% · 🌾 65.3%
Militia ×102 · Knight ×97 · Scout Cavalry ×16 · Spearman ×13 · Scorpion ×10 · Battering Ram ×5
Feudal
14:15
Castle
17:45
Imperial
54:25
| APM avg | 40.7 |
| APM peak | 71 |
| eAPM avg | 21.5 |
| Villagers / military | 187 / 242 |
Focus
⚔️ 33.5% · 🌾 66.5%
Spearman ×95 · Longbowman ×73 · Archer ×62 · Battering Ram ×9 · Trebuchet (Packed) ×2 · Mangonel ×1
Feudal
13:14
Castle
36:11
Imperial
56:21
| APM avg | 33.6 |
| APM peak | 60 |
| eAPM avg | 25.9 |
| Villagers / military | 235 / 100 |
Focus
⚔️ 31.5% · 🌾 68.5%
Militia ×36 · Woad Raider ×36 · Scorpion ×17 · Battering Ram ×10 · Trebuchet (Packed) ×1
Feudal
13:12
Castle
17:39
Imperial
46:35
| APM avg | 59.0 |
| APM peak | 141 |
| eAPM avg | 34.2 |
| Villagers / military | 236 / 480 |
Focus
⚔️ 42.0% · 🌾 58.0%
Spearman ×334 · Militia ×73 · Archer ×57 · Huskarl ×9 · Knight ×5 · Trebuchet (Packed) ×2
Feudal
15:20
Castle
20:30
Imperial
—
| APM avg | 16.0 |
| APM peak | 61 |
| eAPM avg | 8.5 |
| Villagers / military | 103 / 6 |
Focus
⚔️ 14.8% · 🌾 85.2%
Monk ×3 · Battle Elephant ×3
Feudal
30:56
Castle
37:58
Imperial
—
| APM avg | 31.9 |
| APM peak | 94 |
| eAPM avg | 19.6 |
| Villagers / military | 190 / 6 |
Focus
⚔️ 23.2% · 🌾 76.8%
Cataphract ×6
Feudal
12:44
Castle
24:26
Imperial
46:55
| APM avg | 33.7 |
| APM peak | 57 |
| eAPM avg | 19.0 |
| Villagers / military | 165 / 195 |
Focus
⚔️ 34.4% · 🌾 65.6%
Knight ×65 · Spearman ×49 · Skirmisher ×48 · Battering Ram ×10 · Scout Cavalry ×10 · Scorpion ×7
Feudal
14:08
Castle
17:38
Imperial
51:10
| APM avg | 37.2 |
| APM peak | 90 |
| eAPM avg | 15.8 |
| Villagers / military | 142 / 177 |
Focus
⚔️ 27.1% · 🌾 72.9%
Fire Lancer ×80 · Archer ×52 · Battering Ram ×16 · Scorpion ×15 · Skirmisher ×11 · Iron Pagoda ×2
Match map
Initial resources + every placement click. Lines = walls · curves = elevation contours. ◆ gold · ⬟ stone · ● berries · ✦ relic · ◌ wall gap
Your base· Open — unwalled flank
bob's base· Open — 13t gap
thison's base· Open — 8t gap
L2P_Homicide's base· Open — unwalled flank
ABMDSJNS's base· Open — unwalled flank
BoxHead's base· Open — 9t gap
Mr.Increible's base· Open — 14t gap
CaptKewl's base· Open — unwalled flank
Smoothed initial terrain · ◌ = detected wall gap · hover for details
Inputs per minute
— hiwu5743 - - bob
Build order — hiwu5743
First 150 of 558 actions detected
| 0:20 | Build | Town Center |
| 2:33 | Build | House |
| 2:45 | Create | Villager (Male) |
| 2:45 | Create | Villager (Male) |
| 2:45 | Create | Villager (Male) |
| 2:46 | Create | Villager (Male) |
| 2:46 | Create | Villager (Male) |
| 4:15 | Create | Villager (Male) |
| 4:16 | Create | Villager (Male) |
| 4:30 | Build | House |
| 4:34 | Build | Palisade Gate |
| 4:43 | Build | House |
| 4:49 | Create | Villager (Male) |
| 4:50 | Create | Villager (Male) |
| 5:09 | Build | House |
| 5:19 | Create | Villager (Male) |
| 5:48 | Create | Villager (Male) |
| 5:48 | Create | Villager (Male) |
| 5:48 | Create | Villager (Male) |
| 6:10 | Create | Villager (Male) |
| 6:10 | Create | Villager (Male) |
| 6:11 | Create | Villager (Male) |
| 6:23 | Build | Outpost |
| 6:54 | Build | Palisade Wall |
| 7:04 | Create | Villager (Male) |
| 7:04 | Create | Villager (Male) |
| 7:05 | Create | Villager (Male) |
| 7:07 | Create | Villager (Male) |
| 7:07 | Create | Villager (Male) |
| 7:07 | Create | Villager (Male) |
| 8:35 | Create | Villager (Male) |
| 8:35 | Create | Villager (Male) |
| 8:35 | Create | Villager (Male) |
| 8:35 | Create | Villager (Male) |
| 8:45 | Build | House |
| 8:58 | Create | Villager (Male) |
| 8:58 | Create | Villager (Male) |
| 8:58 | Create | Villager (Male) |
| 9:23 | Build | House |
| 9:33 | Build | Mill |
| 9:38 | Build | House |
| 9:52 | Create | Villager (Male) |
| 10:08 | Create | Villager (Male) |
| 10:09 | Create | Villager (Male) |
| 10:32 | Create | Villager (Male) |
| 10:43 | Build | Palisade Wall |
| 10:44 | Build | Palisade Wall |
| 11:10 | Build | Mining Camp |
| 11:39 | Build | Lumber Camp |
| 12:10 | Research | Feudal Age |
| 12:10 | Research | Feudal Age |
| 12:55 | Create | Villager (Male) |
| 12:55 | Create | Villager (Male) |
| 13:23 | Build | Barracks |
| 13:32 | Build | House |
| 13:54 | Build | House |
| 14:20 | Age | Feudal Age |
| 14:24 | Build | Stable |
| 14:27 | Build | Blacksmith |
| 14:57 | Build | Gate |
| 15:08 | Build | Mining Camp |
| 15:19 | Research | Loom |
| 15:27 | Build | Stone Wall |
| 15:42 | Research | Castle Age |
| 15:42 | Research | Castle Age |
| 15:58 | Build | Stone Wall |
| 16:10 | Research | Double-Bit Axe |
| 16:54 | Build | Stone Wall |
| 17:04 | Research | Horse Collar |
| 17:17 | Create | Scout Cavalry |
| 17:39 | Build | Farm |
| 17:42 | Create | Villager (Male) |
| 18:24 | Age | Castle Age |
| 18:28 | Create | Knight |
| 18:35 | Create | Villager (Male) |
| 18:44 | Build | Town Center |
| 18:52 | Build | House |
| 18:56 | Build | Town Center |
| 19:13 | Create | Knight |
| 19:38 | Create | Villager (Male) |
| 19:44 | Build | Farm |
| 19:45 | Build | Farm |
| 19:48 | Build | House |
| 19:54 | Create | Knight |
| 19:57 | Create | Villager (Male) |
| 20:39 | Create | Villager (Male) |
| 20:39 | Create | Villager (Male) |
| 20:42 | Create | Villager (Male) |
| 20:43 | Create | Villager (Male) |
| 21:18 | Create | Villager (Male) |
| 21:18 | Create | Villager (Male) |
| 21:18 | Create | Villager (Male) |
| 21:22 | Build | Monastery |
| 21:25 | Build | Farm |
| 21:27 | Build | Farm |
| 21:28 | Build | Farm |
| 21:53 | Build | Siege Workshop |
| 21:56 | Create | Villager (Male) |
| 21:56 | Create | Villager (Male) |
| 21:57 | Create | Villager (Male) |
| 21:57 | Create | Villager (Male) |
| 21:57 | Create | Villager (Male) |
| 22:04 | Build | Farm |
| 22:04 | Build | Farm |
| 22:14 | Create | Monk |
| 22:27 | Build | Farm |
| 22:33 | Build | House |
| 22:34 | Build | House |
| 22:54 | Create | Mangonel |
| 22:57 | Create | Villager (Male) |
| 22:57 | Create | Villager (Male) |
| 22:57 | Create | Villager (Male) |
| 22:57 | Create | Villager (Male) |
| 22:58 | Create | Villager (Male) |
| 22:58 | Create | Villager (Male) |
| 23:18 | Research | Scale Barding Armor |
| 23:26 | Create | Villager (Male) |
| 23:27 | Create | Villager (Male) |
| 23:27 | Create | Villager (Male) |
| 23:31 | Build | Farm |
| 23:32 | Build | Farm |
| 23:32 | Build | Farm |
| 23:40 | Create | Villager (Male) |
| 23:41 | Create | Villager (Male) |
| 23:41 | Create | Villager (Male) |
| 23:41 | Create | Villager (Male) |
| 23:56 | Build | Market |
| 24:07 | Create | Villager (Male) |
| 24:07 | Create | Villager (Male) |
| 24:07 | Create | Villager (Male) |
| 24:31 | Create | Mangonel |
| 24:41 | Create | Villager (Male) |
| 25:00 | Create | Villager (Male) |
| 25:10 | Create | Villager (Male) |
| 25:10 | Create | Villager (Male) |
| 25:14 | Build | House |
| 25:15 | Build | House |
| 25:15 | Build | House |
| 25:24 | Build | Farm |
| 25:26 | Create | Villager (Male) |
| 25:28 | Create | Villager (Male) |
| 25:28 | Create | Villager (Male) |
| 25:34 | Build | Town Center |
| 25:46 | Create | Villager (Male) |
| 25:46 | Create | Villager (Male) |
| 25:49 | Build | Farm |
| 25:49 | Build | Farm |
| 25:53 | Build | Farm |
| 26:06 | Build | Farm |
| 26:16 | Create | Scout Cavalry |
Build order — bob
First 150 of 493 actions detected
| 0:07 | Build | Town Center |
| 0:56 | Build | House |
| 1:42 | Build | House |
| 1:56 | Build | House |
| 2:09 | Build | House |
| 2:21 | Create | Villager (Male) |
| 2:21 | Create | Villager (Male) |
| 2:21 | Create | Villager (Male) |
| 2:21 | Create | Villager (Male) |
| 2:22 | Create | Villager (Male) |
| 2:24 | Build | House |
| 2:54 | Build | House |
| 3:42 | Build | House |
| 3:43 | Create | Villager (Male) |
| 4:23 | Create | Villager (Male) |
| 4:23 | Create | Villager (Male) |
| 4:30 | Build | House |
| 4:50 | Build | House |
| 4:57 | Create | Villager (Male) |
| 4:57 | Create | Villager (Male) |
| 5:04 | Build | House |
| 5:23 | Create | Villager (Male) |
| 5:57 | Create | Villager (Male) |
| 6:15 | Create | Villager (Male) |
| 6:15 | Create | Villager (Male) |
| 6:20 | Create | Villager (Male) |
| 6:24 | Build | House |
| 6:58 | Create | Villager (Male) |
| 6:58 | Create | Villager (Male) |
| 7:26 | Create | Villager (Male) |
| 7:29 | Create | Villager (Male) |
| 7:36 | Build | House |
| 7:43 | Create | Villager (Male) |
| 7:47 | Build | House |
| 7:52 | Create | Villager (Male) |
| 8:31 | Create | Villager (Male) |
| 8:36 | Build | House |
| 8:49 | Create | Villager (Male) |
| 9:06 | Build | Mill |
| 9:11 | Create | Villager (Male) |
| 9:39 | Build | Mill |
| 10:27 | Create | Villager (Male) |
| 10:54 | Build | Mining Camp |
| 10:58 | Create | Villager (Male) |
| 11:49 | Build | House |
| 12:05 | Research | Feudal Age |
| 12:06 | Research | Feudal Age |
| 12:14 | Build | House |
| 12:52 | Build | Barracks |
| 13:56 | Create | Villager (Male) |
| 13:57 | Research | Loom |
| 14:15 | Age | Feudal Age |
| 14:17 | Build | Archery Range |
| 14:20 | Build | Blacksmith |
| 14:41 | Build | Mill |
| 15:03 | Research | Castle Age |
| 15:26 | Build | Archery Range |
| 15:52 | Create | Archer |
| 16:23 | Create | Archer |
| 16:24 | Create | Archer |
| 16:32 | Build | House |
| 16:38 | Build | Mill |
| 16:39 | Create | Villager (Male) |
| 16:50 | Create | Villager (Male) |
| 16:55 | Create | Archer |
| 17:07 | Create | Archer |
| 17:10 | Research | Fletching |
| 17:12 | Create | Villager (Male) |
| 17:19 | Research | Gold Mining |
| 17:37 | Create | Archer |
| 17:42 | Create | Villager (Male) |
| 17:45 | Age | Castle Age |
| 17:58 | Build | Mill |
| 18:21 | Research | Crossbowman (upgrade) |
| 18:22 | Create | Villager (Male) |
| 18:36 | Create | Archer |
| 18:42 | Research | Wheelbarrow |
| 18:45 | Build | Town Center |
| 18:51 | Research | Bodkin Arrow |
| 19:07 | Create | Archer |
| 19:07 | Create | Archer |
| 19:28 | Create | Villager (Male) |
| 19:32 | Create | Archer |
| 19:46 | Build | House |
| 19:51 | Build | House |
| 20:00 | Create | Archer |
| 20:01 | Create | Archer |
| 20:19 | Create | Villager (Male) |
| 20:29 | Build | Mill |
| 20:43 | Create | Villager (Male) |
| 21:14 | Create | Villager (Male) |
| 21:26 | Create | Archer |
| 21:27 | Create | Archer |
| 21:27 | Create | Villager (Male) |
| 21:50 | Create | Villager (Male) |
| 21:55 | Create | Archer |
| 21:56 | Create | Archer |
| 22:01 | Create | Villager (Male) |
| 22:05 | Build | Town Center |
| 22:10 | Create | Villager (Male) |
| 22:13 | Build | House |
| 22:50 | Create | Villager (Male) |
| 22:50 | Create | Villager (Male) |
| 22:56 | Create | Villager (Male) |
| 23:04 | Create | Villager (Male) |
| 23:11 | Create | Villager (Male) |
| 23:12 | Create | Villager (Male) |
| 23:21 | Research | Padded Archer Armor |
| 23:36 | Create | Villager (Male) |
| 23:47 | Build | University |
| 23:48 | Create | Villager (Male) |
| 23:56 | Create | Villager (Male) |
| 24:01 | Build | Lumber Camp |
| 24:13 | Create | Villager (Male) |
| 24:22 | Build | House |
| 24:23 | Build | House |
| 24:49 | Build | House |
| 25:05 | Create | Villager (Male) |
| 25:11 | Create | Villager (Male) |
| 25:13 | Create | Villager (Male) |
| 25:13 | Create | Villager (Male) |
| 25:19 | Build | House |
| 25:19 | Build | House |
| 25:19 | Build | House |
| 25:20 | Create | Villager (Male) |
| 25:26 | Create | Villager (Male) |
| 25:36 | Create | Villager (Male) |
| 25:44 | Create | Villager (Male) |
| 25:44 | Create | Villager (Male) |
| 25:46 | Create | Archer |
| 25:47 | Create | Archer |
| 25:59 | Create | Archer |
| 26:00 | Create | Archer |
| 26:00 | Create | Archer |
| 26:26 | Create | Archer |
| 26:26 | Create | Archer |
| 26:35 | Create | Villager (Male) |
| 26:35 | Create | Villager (Male) |
| 26:51 | Create | Villager (Male) |
| 26:53 | Research | Ballistics |
| 28:12 | Build | Mill |
| 28:16 | Build | Farm |
| 28:16 | Build | Farm |
| 28:16 | Build | Farm |
| 28:16 | Build | Farm |
| 28:18 | Create | Archer |
| 28:19 | Create | Archer |
| 28:19 | Create | Villager (Male) |
| 28:22 | Build | Farm |
| 28:23 | Build | Farm |
Build order — thison
First 150 of 492 actions detected
| 0:09 | Build | Town Center |
| 1:24 | Build | House |
| 2:03 | Create | Villager (Male) |
| 2:04 | Create | Villager (Male) |
| 2:06 | Create | Villager (Male) |
| 2:07 | Create | Villager (Male) |
| 2:08 | Create | Villager (Male) |
| 3:44 | Research | Loom |
| 3:44 | Research | Loom |
| 3:53 | Build | House |
| 3:56 | Create | Villager (Male) |
| 3:56 | Create | Villager (Male) |
| 4:44 | Create | Villager (Male) |
| 4:44 | Create | Villager (Male) |
| 5:13 | Create | Villager (Male) |
| 5:13 | Create | Villager (Male) |
| 5:20 | Build | Lumber Camp |
| 6:04 | Create | Villager (Male) |
| 6:04 | Create | Villager (Male) |
| 6:06 | Create | Villager (Male) |
| 6:06 | Create | Villager (Male) |
| 6:08 | Create | Villager (Male) |
| 6:16 | Build | House |
| 6:28 | Create | Villager (Male) |
| 6:29 | Create | Villager (Male) |
| 7:20 | Create | Villager (Male) |
| 7:20 | Create | Villager (Male) |
| 7:33 | Create | Villager (Male) |
| 7:34 | Create | Villager (Male) |
| 7:35 | Create | Villager (Male) |
| 7:44 | Build | House |
| 7:51 | Create | Villager (Male) |
| 7:51 | Create | Villager (Male) |
| 8:52 | Create | Villager (Male) |
| 8:53 | Create | Villager (Male) |
| 8:53 | Create | Villager (Male) |
| 8:53 | Create | Villager (Male) |
| 9:18 | Build | Mill |
| 9:20 | Create | Villager (Male) |
| 9:21 | Create | Villager (Male) |
| 9:39 | Build | Mill |
| 9:59 | Create | Villager (Male) |
| 9:59 | Create | Villager (Male) |
| 10:08 | Build | House |
| 10:29 | Create | Villager (Male) |
| 10:29 | Create | Villager (Male) |
| 10:29 | Create | Villager (Male) |
| 10:29 | Create | Villager (Male) |
| 10:47 | Research | Feudal Age |
| 12:15 | Create | Villager (Male) |
| 12:35 | Create | Villager (Male) |
| 12:43 | Create | Villager (Male) |
| 12:43 | Create | Villager (Male) |
| 12:43 | Create | Villager (Male) |
| 13:03 | Create | Villager (Male) |
| 13:03 | Create | Villager (Male) |
| 13:14 | Age | Feudal Age |
| 13:18 | Build | Blacksmith |
| 13:22 | Research | Double-Bit Axe |
| 13:22 | Research | Double-Bit Axe |
| 13:30 | Create | Villager (Male) |
| 13:31 | Create | Villager (Male) |
| 13:56 | Research | Fletching |
| 14:16 | Create | Villager (Male) |
| 14:16 | Create | Villager (Male) |
| 14:26 | Build | House |
| 14:52 | Build | Market |
| 14:59 | Build | House |
| 15:18 | Create | Villager (Male) |
| 15:18 | Create | Villager (Male) |
| 15:41 | Build | Watch Tower |
| 15:49 | Build | House |
| 15:59 | Research | Fletching |
| 16:00 | Create | Villager (Male) |
| 16:01 | Create | Villager (Male) |
| 16:13 | Build | House |
| 16:32 | Build | Mill |
| 17:21 | Create | Villager (Male) |
| 17:46 | Build | Mill |
| 18:16 | Build | Watch Tower |
| 18:20 | Create | Villager (Male) |
| 18:20 | Create | Villager (Male) |
| 19:28 | Create | Villager (Male) |
| 19:29 | Create | Villager (Male) |
| 19:29 | Create | Villager (Male) |
| 19:46 | Create | Villager (Male) |
| 20:26 | Build | House |
| 20:49 | Create | Villager (Male) |
| 20:49 | Create | Villager (Male) |
| 20:49 | Create | Villager (Male) |
| 25:44 | Build | Town Center |
| 28:49 | Build | Town Center |
| 29:20 | Research | Horse Collar |
| 29:20 | Research | Horse Collar |
| 29:34 | Create | Villager (Male) |
| 29:38 | Build | House |
| 29:39 | Build | House |
| 29:45 | Create | Villager (Male) |
| 29:55 | Build | House |
| 30:23 | Create | Villager (Male) |
| 30:33 | Create | Villager (Male) |
| 30:51 | Create | Villager (Male) |
| 30:55 | Build | Mill |
| 31:38 | Create | Villager (Male) |
| 31:52 | Build | Farm |
| 31:53 | Build | Farm |
| 31:54 | Build | Farm |
| 31:55 | Build | Farm |
| 31:57 | Create | Villager (Male) |
| 32:23 | Build | Farm |
| 32:24 | Create | Villager (Male) |
| 32:31 | Create | Villager (Male) |
| 32:34 | Build | House |
| 33:03 | Create | Villager (Male) |
| 33:31 | Research | Castle Age |
| 33:55 | Build | House |
| 34:00 | Build | Barracks |
| 34:35 | Create | Villager (Male) |
| 34:46 | Build | House |
| 35:49 | Build | House |
| 35:57 | Build | House |
| 36:10 | Create | Villager (Male) |
| 36:11 | Age | Castle Age |
| 36:16 | Build | Siege Workshop |
| 36:52 | Build | Town Center |
| 37:04 | Create | Villager (Male) |
| 37:05 | Create | Villager (Male) |
| 37:17 | Create | Scorpion |
| 37:30 | Build | Mining Camp |
| 37:37 | Create | Scorpion |
| 37:39 | Create | Villager (Male) |
| 37:39 | Create | Villager (Male) |
| 37:40 | Create | Villager (Male) |
| 37:56 | Build | Farm |
| 38:03 | Create | Villager (Male) |
| 38:03 | Create | Villager (Male) |
| 38:29 | Create | Battering Ram |
| 38:40 | Create | Villager (Male) |
| 38:40 | Create | Villager (Male) |
| 38:44 | Create | Villager (Male) |
| 38:44 | Create | Villager (Male) |
| 39:06 | Create | Scorpion |
| 39:09 | Create | Villager (Male) |
| 39:09 | Create | Villager (Male) |
| 39:10 | Create | Villager (Male) |
| 39:11 | Create | Villager (Male) |
| 39:14 | Research | Bow Saw |
| 39:15 | Research | Heavy Plow |
| 39:15 | Research | Heavy Plow |
| 39:16 | Create | Villager (Male) |
Build order — L2P_Homicide
First 150 of 935 actions detected
| 0:23 | Build | Town Center |
| 1:50 | Build | House |
| 2:35 | Research | Loom |
| 2:36 | Create | Villager (Male) |
| 2:40 | Create | Villager (Male) |
| 2:46 | Create | Villager (Male) |
| 2:46 | Create | Villager (Male) |
| 4:07 | Create | Villager (Male) |
| 4:07 | Create | Villager (Male) |
| 4:20 | Build | House |
| 4:28 | Create | Villager (Male) |
| 4:28 | Create | Villager (Male) |
| 5:11 | Create | Villager (Male) |
| 5:21 | Create | Villager (Male) |
| 5:21 | Create | Villager (Male) |
| 5:42 | Build | House |
| 5:54 | Create | Villager (Male) |
| 6:19 | Create | Villager (Male) |
| 6:20 | Create | Villager (Male) |
| 6:52 | Create | Villager (Male) |
| 6:52 | Create | Villager (Male) |
| 6:52 | Create | Villager (Male) |
| 6:54 | Build | Mill |
| 7:24 | Create | Villager (Male) |
| 7:24 | Create | Villager (Male) |
| 7:24 | Create | Villager (Male) |
| 7:43 | Create | Villager (Male) |
| 7:43 | Create | Villager (Male) |
| 7:44 | Create | Villager (Male) |
| 8:09 | Build | House |
| 9:01 | Build | Mining Camp |
| 9:54 | Create | Villager (Male) |
| 10:03 | Build | Mill |
| 10:13 | Create | Villager (Male) |
| 10:19 | Create | Villager (Male) |
| 10:29 | Create | Villager (Male) |
| 10:56 | Research | Feudal Age |
| 11:05 | Build | Barracks |
| 11:07 | Build | House |
| 11:10 | Create | Villager (Male) |
| 11:31 | Create | Villager (Male) |
| 12:21 | Create | Villager (Male) |
| 12:51 | Create | Villager (Male) |
| 13:03 | Create | Villager (Male) |
| 13:12 | Age | Feudal Age |
| 13:13 | Build | Stable |
| 13:43 | Create | Spearman |
| 14:13 | Build | Blacksmith |
| 14:13 | Create | Villager (Male) |
| 14:55 | Create | Villager (Male) |
| 14:59 | Research | Castle Age |
| 15:10 | Research | Horse Collar |
| 15:43 | Research | Man-at-Arms (upgrade) |
| 15:49 | Build | Lumber Camp |
| 16:00 | Build | House |
| 16:01 | Build | House |
| 16:08 | Create | Villager (Male) |
| 16:25 | Build | Farm |
| 16:26 | Build | Farm |
| 16:27 | Build | Farm |
| 16:27 | Build | Farm |
| 16:28 | Build | Farm |
| 16:43 | Build | Farm |
| 16:47 | Build | Farm |
| 17:00 | Create | Villager (Male) |
| 17:06 | Create | Militia |
| 17:30 | Create | Militia |
| 17:39 | Age | Castle Age |
| 17:40 | Create | Villager (Male) |
| 17:45 | Create | Villager (Male) |
| 17:50 | Build | Town Center |
| 17:55 | Create | Militia |
| 18:06 | Build | Farm |
| 18:07 | Build | Farm |
| 18:13 | Create | Militia |
| 18:32 | Build | Farm |
| 18:55 | Research | Scale Mail Armor |
| 19:07 | Create | Villager (Male) |
| 19:27 | Build | Farm |
| 19:28 | Build | Farm |
| 19:29 | Build | Farm |
| 19:29 | Build | Farm |
| 19:34 | Create | Villager (Male) |
| 19:38 | Create | Spearman |
| 20:06 | Create | Villager (Male) |
| 20:14 | Build | Town Center |
| 20:15 | Create | Villager (Male) |
| 20:25 | Create | Villager (Male) |
| 20:36 | Create | Knight |
| 21:07 | Create | Villager (Male) |
| 21:11 | Build | House |
| 21:11 | Build | House |
| 21:15 | Create | Villager (Male) |
| 21:22 | Create | Villager (Male) |
| 21:26 | Build | Farm |
| 21:31 | Build | Farm |
| 21:50 | Research | Town Watch |
| 21:50 | Research | Town Watch |
| 22:04 | Build | Farm |
| 22:05 | Build | Farm |
| 22:07 | Create | Villager (Male) |
| 22:17 | Create | Villager (Male) |
| 22:46 | Create | Spearman |
| 22:50 | Create | Villager (Male) |
| 22:51 | Create | Villager (Male) |
| 23:27 | Create | Villager (Male) |
| 23:27 | Create | Villager (Male) |
| 23:28 | Create | Villager (Male) |
| 23:31 | Create | Villager (Male) |
| 23:43 | Create | Spearman |
| 24:08 | Create | Villager (Male) |
| 24:18 | Create | Villager (Male) |
| 24:26 | Create | Villager (Male) |
| 24:29 | Build | Farm |
| 24:32 | Build | House |
| 24:32 | Build | House |
| 24:58 | Create | Villager (Male) |
| 24:58 | Create | Villager (Male) |
| 25:08 | Research | Pikeman (upgrade) |
| 25:10 | Create | Villager (Male) |
| 25:17 | Create | Villager (Male) |
| 25:25 | Create | Villager (Male) |
| 25:39 | Create | Knight |
| 25:42 | Create | Spearman |
| 25:48 | Build | Castle |
| 25:57 | Build | Castle |
| 26:01 | Create | Spearman |
| 26:02 | Create | Spearman |
| 26:02 | Create | Spearman |
| 27:10 | Create | Villager (Male) |
| 27:11 | Create | Villager (Male) |
| 27:11 | Create | Villager (Male) |
| 27:12 | Create | Villager (Male) |
| 27:30 | Create | Villager (Male) |
| 27:31 | Create | Villager (Male) |
| 27:45 | Create | Villager (Male) |
| 27:45 | Create | Villager (Male) |
| 27:49 | Build | Farm |
| 27:50 | Build | Farm |
| 27:51 | Build | Farm |
| 27:52 | Build | Farm |
| 27:52 | Build | Farm |
| 28:02 | Create | Villager (Male) |
| 28:02 | Create | Villager (Male) |
| 28:02 | Create | Villager (Male) |
| 28:06 | Build | Farm |
| 28:06 | Create | Villager (Male) |
| 28:06 | Create | Villager (Male) |
| 28:10 | Create | Spearman |
| 28:10 | Create | Spearman |
Build order — ABMDSJNS
137 actions detected in the replay
| 0:48 | Build | Town Center |
| 2:25 | Build | House |
| 2:54 | Build | House |
| 3:10 | Create | Villager (Male) ×4 |
| 3:22 | Research | Loom |
| 3:22 | Create | Villager (Male) ×3 |
| 4:49 | Create | Villager (Male) |
| 4:49 | Create | Villager (Male) |
| 5:27 | Create | Villager (Male) |
| 5:50 | Create | Villager (Male) |
| 5:51 | Create | Villager (Male) |
| 5:51 | Create | Villager (Male) |
| 6:00 | Create | Villager (Male) |
| 6:00 | Create | Villager (Male) |
| 6:40 | Create | Villager (Male) |
| 6:40 | Create | Villager (Male) |
| 6:41 | Create | Villager (Male) |
| 7:00 | Create | Villager (Male) |
| 7:00 | Create | Villager (Male) |
| 7:01 | Create | Villager (Male) |
| 7:13 | Build | House |
| 7:36 | Create | Villager (Male) ×2 |
| 7:37 | Create | Villager (Male) ×2 |
| 8:29 | Create | Villager (Male) |
| 8:32 | Create | Villager (Male) ×2 |
| 8:32 | Create | Villager (Male) ×2 |
| 8:39 | Create | Villager (Male) ×3 |
| 8:39 | Create | Villager (Male) ×3 |
| 8:49 | Build | House |
| 9:38 | Build | House |
| 10:10 | Create | Villager (Male) ×2 |
| 10:10 | Create | Villager (Male) ×2 |
| 10:10 | Create | Villager (Male) ×2 |
| 10:14 | Create | Villager (Male) ×3 |
| 10:18 | Create | Villager (Male) |
| 10:18 | Create | Villager (Male) |
| 10:39 | Build | Lumber Camp |
| 11:38 | Create | Villager (Male) ×3 |
| 11:39 | Create | Villager (Male) ×3 |
| 11:39 | Create | Villager (Male) ×3 |
| 11:40 | Create | Villager (Male) ×2 |
| 11:41 | Create | Villager (Male) ×2 |
| 11:42 | Create | Villager (Male) |
| 11:43 | Create | Villager (Male) |
| 11:43 | Create | Villager (Male) |
| 11:58 | Build | Mill |
| 13:03 | Research | Feudal Age |
| 13:07 | Build | Mining Camp |
| 13:35 | Create | Villager (Male) |
| 13:35 | Create | Villager (Male) |
| 13:36 | Create | Villager (Male) |
| 14:38 | Build | Mining Camp |
| 14:51 | Build | Farm |
| 14:52 | Build | Farm |
| 14:53 | Build | Farm |
| 14:54 | Build | Farm |
| 14:54 | Build | Farm |
| 14:56 | Build | Farm |
| 14:58 | Build | Farm |
| 15:00 | Create | Villager (Male) |
| 15:00 | Create | Villager (Male) |
| 15:00 | Create | Villager (Male) |
| 15:20 | Age | Feudal Age |
| 15:21 | Create | Villager (Male) |
| 15:25 | Build | Market |
| 15:37 | Create | Villager (Male) |
| 15:48 | Research | Double-Bit Axe |
| 15:52 | Create | Villager (Male) |
| 16:18 | Build | House |
| 16:22 | Research | Town Watch |
| 16:34 | Build | Blacksmith |
| 16:46 | Create | Villager (Male) |
| 16:52 | Build | Farm |
| 16:53 | Build | Farm |
| 17:02 | Create | Villager (Male) |
| 17:03 | Create | Villager (Male) |
| 17:10 | Build | Farm |
| 17:50 | Research | Castle Age |
| 18:06 | Build | House |
| 18:07 | Build | House |
| 18:28 | Build | House |
| 18:31 | Build | House |
| 18:33 | Build | House |
| 18:36 | Build | House |
| 18:37 | Build | House |
| 18:43 | Build | House |
| 19:10 | Build | Watch Tower |
| 19:41 | Build | Barracks |
| 19:42 | Create | Villager (Male) |
| 19:43 | Create | Villager (Male) |
| 19:43 | Create | Villager (Male) |
| 19:53 | Create | Villager (Male) |
| 19:53 | Create | Villager (Male) |
| 20:30 | Age | Castle Age |
| 20:40 | Build | Town Center |
| 20:52 | Create | Villager (Male) |
| 20:52 | Create | Villager (Male) |
| 20:52 | Create | Villager (Male) |
| 21:01 | Build | Stable |
| 21:22 | Create | Villager (Male) |
| 21:22 | Create | Villager (Male) |
| 21:22 | Create | Villager (Male) |
| 21:55 | Create | Battle Elephant |
| 22:13 | Create | Villager (Male) |
| 22:13 | Create | Villager (Male) |
| 22:50 | Create | Battle Elephant |
| 22:52 | Create | Villager (Male) |
| 22:52 | Create | Villager (Male) |
| 23:06 | Build | Farm |
| 23:07 | Build | Farm |
| 23:08 | Build | Farm |
| 23:09 | Build | Farm |
| 23:11 | Build | Farm |
| 23:11 | Build | Farm |
| 23:38 | Build | Monastery |
| 23:39 | Create | Villager (Male) |
| 23:39 | Create | Villager (Male) |
| 23:42 | Build | Farm |
| 23:46 | Build | House |
| 23:47 | Build | House |
| 24:12 | Create | Monk |
| 24:12 | Create | Monk |
| 24:19 | Create | Battle Elephant |
| 24:39 | Create | Villager (Male) |
| 24:39 | Create | Villager (Male) |
| 25:24 | Create | Monk |
| 25:45 | Create | Villager (Male) |
| 25:46 | Create | Villager (Male) |
| 25:54 | Build | Farm |
| 25:55 | Build | Farm |
| 25:55 | Build | Farm |
| 26:23 | Build | Castle |
| 27:35 | Build | House |
| 27:35 | Build | House |
| 27:35 | Build | House |
| 27:37 | Create | Villager (Male) ×5 |
| 27:38 | Create | Villager (Male) ×2 |
Build order — BoxHead
First 150 of 383 actions detected
| 0:06 | Build | Town Center |
| 0:21 | Build | House |
| 2:19 | Create | Villager (Male) |
| 2:20 | Create | Villager (Male) |
| 2:20 | Create | Villager (Male) |
| 2:20 | Create | Villager (Male) |
| 4:00 | Create | Villager (Male) |
| 4:20 | Create | Villager (Male) |
| 4:52 | Create | Villager (Male) |
| 4:57 | Build | House |
| 5:06 | Create | Villager (Male) |
| 5:20 | Research | Loom |
| 5:23 | Build | House |
| 5:38 | Create | Villager (Male) |
| 6:05 | Create | Villager (Male) |
| 6:05 | Create | Villager (Male) |
| 6:22 | Build | House |
| 6:22 | Create | Villager (Male) |
| 6:23 | Create | Villager (Male) |
| 6:44 | Create | Villager (Male) |
| 6:48 | Create | Villager (Male) |
| 6:48 | Create | Villager (Male) |
| 7:40 | Create | Villager (Male) |
| 7:51 | Create | Villager (Male) |
| 7:54 | Create | Villager (Male) |
| 8:06 | Create | Villager (Male) |
| 8:11 | Build | Palisade Wall |
| 8:20 | Create | Villager (Male) |
| 8:35 | Create | Villager (Male) |
| 9:00 | Build | Lumber Camp |
| 9:04 | Create | Villager (Male) |
| 9:53 | Build | House |
| 10:15 | Create | Villager (Male) |
| 11:49 | Build | Town Center |
| 11:58 | Build | Palisade Wall |
| 12:45 | Create | Villager (Male) |
| 12:45 | Create | Villager (Male) |
| 12:50 | Build | House |
| 13:19 | Build | Palisade Wall |
| 13:23 | Build | House |
| 13:24 | Build | Palisade Wall |
| 14:16 | Build | Lumber Camp |
| 14:20 | Create | Villager (Male) |
| 14:20 | Create | Villager (Male) |
| 15:17 | Build | Palisade Wall |
| 15:47 | Build | Mill |
| 16:08 | Create | Villager (Male) |
| 16:08 | Create | Villager (Male) |
| 16:19 | Build | House |
| 16:22 | Build | House |
| 16:51 | Create | Villager (Male) |
| 16:59 | Build | Palisade Wall |
| 17:29 | Create | Villager (Male) |
| 18:05 | Build | Palisade Wall |
| 18:06 | Build | Palisade Wall |
| 18:07 | Build | Palisade Wall |
| 18:15 | Build | Palisade Wall |
| 18:16 | Build | Palisade Wall |
| 18:24 | Create | Villager (Male) |
| 18:25 | Create | Villager (Male) |
| 18:33 | Create | Villager (Male) |
| 19:24 | Create | Villager (Male) |
| 19:24 | Create | Villager (Male) |
| 19:56 | Create | Villager (Male) |
| 19:56 | Create | Villager (Male) |
| 20:00 | Create | Villager (Male) |
| 20:22 | Build | Lumber Camp |
| 21:03 | Create | Villager (Male) |
| 21:03 | Create | Villager (Male) |
| 22:14 | Build | Outpost |
| 22:24 | Build | Palisade Gate |
| 22:28 | Build | House |
| 22:31 | Build | House |
| 22:53 | Create | Villager (Male) |
| 23:14 | Build | Mining Camp |
| 23:56 | Build | Palisade Wall |
| 24:02 | Build | Palisade Wall |
| 24:04 | Build | Palisade Wall |
| 24:08 | Build | Palisade Wall |
| 24:25 | Build | Mill |
| 24:32 | Create | Villager (Male) |
| 25:03 | Build | House |
| 25:06 | Create | Villager (Male) |
| 25:06 | Create | Villager (Male) |
| 25:33 | Create | Villager (Male) |
| 25:35 | Build | Lumber Camp |
| 25:39 | Build | Lumber Camp |
| 26:10 | Create | Villager (Male) |
| 26:13 | Build | Farm |
| 26:14 | Build | Farm |
| 26:23 | Build | Farm |
| 26:35 | Create | Villager (Male) |
| 26:41 | Build | Mill |
| 26:42 | Create | Villager (Male) |
| 26:47 | Build | House |
| 26:55 | Create | Villager (Male) |
| 26:58 | Build | Farm |
| 27:17 | Build | Farm |
| 27:34 | Create | Villager (Male) |
| 27:37 | Build | Farm |
| 28:05 | Build | House |
| 28:07 | Build | House |
| 28:08 | Build | House |
| 28:09 | Build | House |
| 28:10 | Build | Palisade Wall |
| 28:12 | Build | Palisade Wall |
| 28:26 | Build | Palisade Wall |
| 28:29 | Build | Palisade Wall |
| 28:35 | Build | Palisade Wall |
| 28:46 | Research | Feudal Age |
| 28:46 | Research | Feudal Age |
| 29:04 | Build | Mining Camp |
| 29:44 | Build | Mining Camp |
| 29:56 | Build | Palisade Wall |
| 29:56 | Build | Palisade Wall |
| 29:57 | Build | Palisade Wall |
| 29:58 | Build | Palisade Wall |
| 30:12 | Build | House |
| 30:13 | Build | Palisade Wall |
| 30:19 | Build | House |
| 30:22 | Build | Palisade Wall |
| 30:25 | Build | Palisade Wall |
| 30:28 | Build | Palisade Wall |
| 30:33 | Build | House |
| 30:40 | Create | Villager (Male) |
| 30:42 | Build | Farm |
| 30:56 | Age | Feudal Age |
| 31:00 | Build | Market |
| 31:04 | Build | Blacksmith |
| 31:06 | Create | Villager (Male) |
| 32:17 | Build | House |
| 32:18 | Build | Palisade Wall |
| 33:23 | Research | Castle Age |
| 33:23 | Research | Castle Age |
| 34:15 | Build | Town Center |
| 35:18 | Research | Castle Age |
| 35:18 | Research | Castle Age |
| 35:21 | Create | Villager (Male) |
| 35:21 | Create | Villager (Male) |
| 37:00 | Build | Palisade Wall |
| 37:14 | Research | Double-Bit Axe |
| 37:26 | Build | Mining Camp |
| 37:58 | Age | Castle Age |
| 38:15 | Create | Villager (Male) |
| 38:54 | Create | Villager (Male) |
| 38:55 | Create | Villager (Male) |
| 39:06 | Create | Villager (Male) |
| 39:12 | Build | Palisade Wall |
| 39:15 | Build | Palisade Wall |
| 39:16 | Build | Palisade Wall |
Build order — Mr.Increible
First 150 of 593 actions detected
| 1:28 | Build | Town Center |
| 1:37 | Build | House |
| 1:39 | Build | House |
| 3:17 | Create | Villager (Male) |
| 3:18 | Create | Villager (Male) |
| 3:18 | Create | Villager (Male) |
| 4:23 | Create | Villager (Male) |
| 4:48 | Build | Palisade Wall |
| 4:59 | Create | Villager (Male) |
| 4:59 | Create | Villager (Male) |
| 5:23 | Create | Villager (Male) |
| 5:23 | Create | Villager (Male) |
| 5:46 | Create | Villager (Male) |
| 5:47 | Create | Villager (Male) |
| 6:13 | Create | Villager (Male) |
| 6:15 | Build | Palisade Wall |
| 6:20 | Build | Palisade Wall |
| 7:05 | Create | Villager (Male) |
| 7:25 | Create | Villager (Male) |
| 7:29 | Build | Mill |
| 7:46 | Create | Villager (Male) |
| 7:49 | Build | House |
| 8:16 | Create | Villager (Male) |
| 8:51 | Create | Villager (Male) |
| 8:51 | Create | Villager (Male) |
| 9:23 | Create | Villager (Male) |
| 9:52 | Research | Loom |
| 10:20 | Build | House |
| 10:34 | Research | Feudal Age |
| 10:40 | Build | Palisade Wall |
| 10:56 | Build | Palisade Wall |
| 11:03 | Build | House |
| 11:24 | Build | House |
| 11:54 | Build | Barracks |
| 12:44 | Age | Feudal Age |
| 12:46 | Create | Villager (Male) |
| 12:51 | Build | Stable |
| 13:00 | Research | Horse Collar |
| 13:07 | Create | Villager (Male) |
| 13:13 | Build | Farm |
| 13:17 | Build | House |
| 13:23 | Build | Farm |
| 13:29 | Build | Farm |
| 13:32 | Create | Scout Cavalry |
| 13:38 | Create | Villager (Male) |
| 13:41 | Build | Farm |
| 13:45 | Build | Farm |
| 14:03 | Create | Villager (Male) |
| 14:04 | Create | Scout Cavalry |
| 14:08 | Build | House |
| 14:31 | Build | Lumber Camp |
| 14:33 | Create | Villager (Male) |
| 14:40 | Create | Scout Cavalry |
| 14:51 | Build | Farm |
| 15:05 | Build | Farm |
| 15:08 | Create | Villager (Male) |
| 15:12 | Create | Scout Cavalry |
| 15:37 | Create | Villager (Male) |
| 15:47 | Build | Mining Camp |
| 15:54 | Research | Double-Bit Axe |
| 15:58 | Create | Scout Cavalry |
| 16:05 | Build | Farm |
| 16:27 | Create | Villager (Male) |
| 16:32 | Build | House |
| 17:03 | Create | Villager (Male) |
| 17:04 | Build | Farm |
| 17:13 | Build | House |
| 17:24 | Create | Villager (Male) |
| 17:31 | Build | Farm |
| 18:11 | Create | Villager (Male) |
| 18:13 | Build | Farm |
| 18:30 | Create | Villager (Male) |
| 18:34 | Build | Market |
| 18:40 | Build | Farm |
| 18:53 | Create | Villager (Male) |
| 19:03 | Create | Scout Cavalry |
| 19:27 | Create | Villager (Male) |
| 19:31 | Build | Blacksmith |
| 19:54 | Create | Villager (Male) |
| 20:30 | Create | Villager (Male) |
| 20:37 | Build | House |
| 20:39 | Build | House |
| 20:40 | Build | Farm |
| 20:46 | Build | Farm |
| 20:49 | Build | Farm |
| 21:07 | Create | Villager (Male) |
| 21:14 | Build | Farm |
| 21:46 | Research | Castle Age |
| 22:03 | Research | Gold Mining |
| 22:11 | Build | Stable |
| 22:45 | Research | Scale Barding Armor |
| 23:03 | Research | Bloodlines |
| 23:11 | Build | Farm |
| 23:13 | Build | Farm |
| 23:30 | Research | Forging |
| 24:01 | Build | Farm |
| 24:04 | Create | Villager (Male) |
| 24:26 | Age | Castle Age |
| 24:29 | Create | Knight |
| 24:29 | Create | Knight |
| 24:35 | Create | Villager (Male) |
| 24:53 | Research | Chain Barding Armor |
| 24:56 | Create | Knight |
| 24:58 | Create | Villager (Male) |
| 25:09 | Build | House |
| 25:10 | Build | House |
| 25:15 | Create | Knight |
| 25:28 | Build | Town Center |
| 25:31 | Create | Villager (Male) |
| 25:32 | Create | Knight |
| 25:46 | Create | Knight |
| 26:07 | Create | Knight |
| 26:09 | Research | Husbandry |
| 26:16 | Create | Villager (Male) |
| 26:31 | Create | Knight |
| 26:48 | Create | Villager (Male) |
| 27:04 | Create | Knight |
| 27:16 | Create | Villager (Male) |
| 27:21 | Create | Villager (Male) |
| 27:25 | Create | Villager (Male) |
| 27:36 | Create | Knight |
| 27:40 | Build | House |
| 27:41 | Build | House |
| 27:50 | Create | Knight |
| 27:51 | Create | Knight |
| 27:53 | Build | Farm |
| 27:54 | Create | Villager (Male) |
| 28:26 | Create | Knight |
| 28:26 | Create | Knight |
| 28:27 | Create | Villager (Male) |
| 28:28 | Create | Villager (Male) |
| 28:56 | Build | House |
| 28:56 | Create | Villager (Male) |
| 28:58 | Build | Farm |
| 29:00 | Build | Farm |
| 29:05 | Research | Iron Casting |
| 29:17 | Create | Knight |
| 29:18 | Create | Knight |
| 29:19 | Create | Villager (Male) |
| 29:21 | Create | Villager (Male) |
| 29:22 | Create | Villager (Male) |
| 29:32 | Build | House |
| 29:36 | Create | Villager (Male) |
| 29:44 | Create | Knight |
| 29:44 | Create | Knight |
| 29:52 | Create | Villager (Male) |
| 29:52 | Create | Villager (Male) |
| 29:56 | Build | House |
| 29:56 | Build | House |
| 30:19 | Create | Knight |
Build order — CaptKewl
First 150 of 356 actions detected
| 0:36 | Build | Town Center |
| 2:39 | Build | House |
| 2:55 | Create | Villager (Male) |
| 2:55 | Create | Villager (Male) |
| 2:55 | Create | Villager (Male) |
| 3:03 | Create | Villager (Male) |
| 3:12 | Build | House |
| 4:23 | Create | Villager (Male) |
| 4:49 | Create | Villager (Male) |
| 4:49 | Create | Villager (Male) |
| 5:26 | Create | Villager (Male) |
| 5:26 | Create | Villager (Male) |
| 6:05 | Create | Villager (Male) |
| 6:05 | Create | Villager (Male) |
| 6:05 | Create | Villager (Male) |
| 6:05 | Create | Villager (Male) |
| 6:19 | Build | House |
| 6:27 | Create | Villager (Male) |
| 7:08 | Create | Villager (Male) |
| 7:08 | Create | Villager (Male) |
| 7:42 | Build | House |
| 7:54 | Build | House |
| 7:56 | Build | Palisade Wall |
| 8:03 | Create | Villager (Male) |
| 8:03 | Create | Villager (Male) |
| 8:03 | Create | Villager (Male) |
| 8:03 | Create | Villager (Male) |
| 8:20 | Create | Villager (Male) |
| 9:07 | Build | Mill |
| 9:59 | Create | Villager (Male) |
| 10:41 | Create | Villager (Male) |
| 10:56 | Build | Mining Camp |
| 11:01 | Build | Mining Camp |
| 11:08 | Create | Villager (Male) |
| 11:45 | Build | Lumber Camp |
| 11:58 | Research | Feudal Age |
| 11:58 | Research | Feudal Age |
| 11:59 | Research | Loom |
| 11:59 | Research | Loom |
| 14:08 | Age | Feudal Age |
| 14:13 | Build | Blacksmith |
| 14:18 | Build | Market |
| 14:31 | Create | Villager (Male) |
| 14:52 | Research | Castle Age |
| 16:08 | Research | Double-Bit Axe |
| 17:05 | Build | House |
| 17:17 | Build | Farm |
| 17:18 | Build | Farm |
| 17:21 | Build | Farm |
| 17:24 | Build | Farm |
| 17:38 | Age | Castle Age |
| 17:41 | Build | Siege Workshop |
| 17:44 | Build | Town Center |
| 18:16 | Create | Battering Ram |
| 18:20 | Create | Battering Ram |
| 18:33 | Build | Farm |
| 18:36 | Create | Villager (Male) |
| 18:45 | Build | House |
| 19:22 | Create | Battering Ram |
| 19:23 | Create | Villager (Male) |
| 19:23 | Create | Villager (Male) |
| 19:26 | Build | House |
| 19:28 | Build | Farm |
| 19:55 | Create | Scorpion |
| 19:55 | Create | Scorpion |
| 20:02 | Build | Farm |
| 20:03 | Create | Villager (Male) |
| 20:11 | Build | House |
| 20:12 | Build | House |
| 21:35 | Create | Scorpion |
| 21:38 | Create | Villager (Male) |
| 21:39 | Create | Villager (Male) |
| 21:41 | Build | Farm |
| 22:01 | Create | Battering Ram |
| 22:01 | Create | Battering Ram |
| 23:10 | Build | Farm |
| 23:11 | Build | Farm |
| 23:13 | Build | Monastery |
| 23:16 | Create | Villager (Male) |
| 23:16 | Create | Villager (Male) |
| 23:17 | Create | Villager (Male) |
| 23:18 | Create | Villager (Male) |
| 23:18 | Create | Villager (Male) |
| 23:18 | Create | Villager (Male) |
| 23:23 | Build | House |
| 23:24 | Build | House |
| 24:07 | Create | Scorpion |
| 24:07 | Create | Scorpion |
| 24:14 | Create | Monk |
| 24:21 | Create | Villager (Male) |
| 24:21 | Create | Villager (Male) |
| 24:25 | Research | Bow Saw |
| 25:02 | Create | Iron Pagoda |
| 25:14 | Build | Farm |
| 25:28 | Create | Villager (Male) |
| 25:28 | Create | Villager (Male) |
| 25:29 | Create | Villager (Male) |
| 25:32 | Build | Lumber Camp |
| 25:57 | Create | Iron Pagoda |
| 28:22 | Build | Farm |
| 28:23 | Create | Villager (Male) |
| 28:24 | Create | Villager (Male) |
| 28:24 | Create | Villager (Male) |
| 28:24 | Create | Villager (Male) |
| 28:25 | Create | Villager (Male) |
| 28:26 | Create | Villager (Male) |
| 28:27 | Create | Villager (Male) |
| 28:27 | Create | Villager (Male) |
| 28:40 | Build | Barracks |
| 28:41 | Build | Barracks |
| 28:48 | Create | Scorpion |
| 28:48 | Create | Scorpion |
| 28:49 | Create | Scorpion |
| 29:06 | Build | Farm |
| 29:10 | Build | Farm |
| 29:14 | Build | Farm |
| 29:16 | Build | Farm |
| 29:17 | Build | Farm |
| 29:20 | Create | Villager (Male) |
| 29:20 | Create | Villager (Male) |
| 29:20 | Create | Villager (Male) |
| 29:24 | Create | Villager (Male) |
| 29:24 | Create | Villager (Male) |
| 29:25 | Create | Villager (Male) |
| 29:25 | Create | Villager (Male) |
| 30:09 | Build | Town Center |
| 30:10 | Create | Villager (Male) |
| 30:10 | Create | Villager (Male) |
| 30:11 | Create | Villager (Male) |
| 30:11 | Create | Villager (Male) |
| 30:11 | Create | Villager (Male) |
| 30:11 | Create | Villager (Male) |
| 30:12 | Create | Villager (Male) |
| 31:14 | Research | Gambesons |
| 31:18 | Research | Scale Mail Armor |
| 31:42 | Create | Fire Lancer |
| 31:42 | Create | Fire Lancer |
| 31:43 | Create | Fire Lancer |
| 31:43 | Create | Fire Lancer |
| 31:43 | Create | Fire Lancer |
| 31:43 | Create | Fire Lancer |
| 31:44 | Create | Fire Lancer |
| 31:44 | Create | Fire Lancer |
| 31:44 | Create | Fire Lancer |
| 31:48 | Build | House |
| 31:49 | Build | House |
| 31:49 | Build | House |
| 31:54 | Build | Lumber Camp |
| 32:12 | Research | Forging |
| 32:17 | Research | Wheelbarrow |
Match timeline
| 4:48 | Mr.Increible · wall_segment Palisade Wall x1 |
| 6:15 | Mr.Increible · wall_segment Palisade Wall x1 |
| 6:20 | Mr.Increible · wall_segment Palisade Wall x1 |
| 6:54 | hiwu5743 · wall_segment Palisade Wall x5 |
| 7:56 | CaptKewl · wall_segment Palisade Wall x2 |
| 8:11 | BoxHead · wall_segment Palisade Wall x1 |
| 10:40 | Mr.Increible · wall_segment Palisade Wall x1 |
| 10:43 | hiwu5743 · wall_segment Palisade Wall x2 |
| 10:44 | hiwu5743 · wall_segment Palisade Wall x1 |
| 10:56 | Mr.Increible · wall_segment Palisade Wall x1 |
| 11:05 | L2P_Homicide · first_building Barracks |
| 11:54 | Mr.Increible · first_building Barracks |
| 11:58 | BoxHead · wall_segment Palisade Wall x6 |
| 12:44 | Mr.Increible · age_up feudal |
| 12:51 | Mr.Increible · first_building Stable |
| 12:52 | bob · first_building Barracks |
| 13:12 | L2P_Homicide · age_up feudal |
| 13:13 | L2P_Homicide · first_building Stable |
| 13:14 | thison · age_up feudal |
| 13:19 | BoxHead · wall_segment Palisade Wall x10 |
| 13:23 | hiwu5743 · first_building Barracks |
| 13:24 | BoxHead · wall_segment Palisade Wall x5 |
| 14:08 | CaptKewl · age_up feudal |
| 14:15 | bob · age_up feudal |
| 14:17 | bob · first_building Archery Range |
| 14:20 | hiwu5743 · age_up feudal |
| 14:24 | hiwu5743 · first_building Stable |
| 15:17 | BoxHead · wall_segment Palisade Wall x1 |
| 15:20 | ABMDSJNS · age_up feudal |
| 15:27 | hiwu5743 · wall_segment Stone Wall x7 |
| 15:58 | hiwu5743 · wall_segment Stone Wall x3 |
| 16:54 | hiwu5743 · wall_segment Stone Wall x1 |
| 16:59 | BoxHead · wall_segment Palisade Wall x1 |
| 17:38 | CaptKewl · age_up castle |
| 17:39 | L2P_Homicide · age_up castle |
| 17:41 | CaptKewl · first_building Siege Workshop |
| 17:45 | bob · age_up castle |
| 18:05 | BoxHead · wall_segment Palisade Wall x1 |
| 18:06 | BoxHead · wall_segment Palisade Wall x1 |
| 18:07 | BoxHead · wall_segment Palisade Wall x1 |
| 18:12 | thison · first_market_buy 100 stone |
| 18:15 | BoxHead · wall_segment Palisade Wall x1 |
| 18:16 | BoxHead · wall_segment Palisade Wall x1 |
| 18:24 | hiwu5743 · age_up castle |
| 19:41 | ABMDSJNS · first_building Barracks |
| 20:04 | Mr.Increible · first_market_sell 100 wood |
| 20:30 | ABMDSJNS · age_up castle |
| 21:01 | ABMDSJNS · first_building Stable |
| 21:22 | hiwu5743 · first_building Monastery |
| 21:44 | Mr.Increible · first_market_buy 100 food |
| 21:53 | hiwu5743 · first_building Siege Workshop |
| 23:13 | CaptKewl · first_building Monastery |
| 23:38 | ABMDSJNS · first_building Monastery |
| 23:55 | Mr.Increible · tribute_sent a jugador 1 |
| 23:55 | Mr.Increible · tribute_sent a jugador 2 |
| 23:55 | Mr.Increible · tribute_sent a jugador 3 |
| 23:55 | Mr.Increible · tribute_sent a jugador 4 |
| 23:55 | Mr.Increible · tribute_sent a jugador 5 |
| 23:55 | Mr.Increible · tribute_sent a jugador 6 |
| 23:55 | Mr.Increible · tribute_sent a jugador 8 |
| 23:56 | BoxHead · wall_segment Palisade Wall x5 |
| 24:02 | BoxHead · wall_segment Palisade Wall x4 |
| 24:04 | BoxHead · wall_segment Palisade Wall x6 |
| 24:08 | BoxHead · wall_segment Palisade Wall x4 |
| 24:26 | Mr.Increible · age_up castle |
| 25:48 | L2P_Homicide · first_building Castle |
| 26:23 | ABMDSJNS · first_building Castle |
| 27:52 | ABMDSJNS · resign |
| 28:10 | BoxHead · wall_segment Palisade Wall x1 |
| 28:12 | BoxHead · wall_segment Palisade Wall x1 |
| 28:26 | BoxHead · wall_segment Palisade Wall x1 |
| 28:29 | BoxHead · wall_segment Palisade Wall x1 |
| 28:35 | BoxHead · wall_segment Palisade Wall x1 |
| 28:40 | CaptKewl · first_building Barracks |
| 29:56 | BoxHead · wall_segment Palisade Wall x1 |
| 29:56 | BoxHead · wall_segment Palisade Wall x1 |
| 29:57 | BoxHead · wall_segment Palisade Wall x1 |
| 29:58 | BoxHead · wall_segment Palisade Wall x1 |
| 30:13 | BoxHead · wall_segment Palisade Wall x1 |
| 30:22 | BoxHead · wall_segment Palisade Wall x1 |
| 30:25 | BoxHead · wall_segment Palisade Wall x1 |
| 30:28 | BoxHead · wall_segment Palisade Wall x1 |
| 30:56 | BoxHead · age_up feudal |
| 32:18 | BoxHead · wall_segment Palisade Wall x1 |
| 32:39 | BoxHead · first_market_buy 100 food |
| 32:41 | BoxHead · first_market_sell 100 wood |
| 34:00 | thison · first_building Barracks |
| 34:02 | CaptKewl · first_market_buy 100 food |
| 35:55 | Mr.Increible · first_building Castle |
| 36:11 | thison · age_up castle |
| 36:15 | Mr.Increible · first_building Siege Workshop |
| 36:16 | thison · first_building Siege Workshop |
| 37:00 | BoxHead · wall_segment Palisade Wall x1 |
| 37:58 | BoxHead · age_up castle |
| 38:11 | bob · first_building Castle |
| 39:12 | BoxHead · wall_segment Palisade Wall x1 |
| 39:15 | BoxHead · wall_segment Palisade Wall x1 |
| 39:16 | BoxHead · wall_segment Palisade Wall x1 |
| 39:37 | hiwu5743 · first_building Castle |
| 40:19 | hiwu5743 · wall_segment Palisade Wall x1 |
| 40:27 | BoxHead · wall_segment Palisade Wall x1 |
| 41:46 | hiwu5743 · age_up imperial |
| 42:59 | CaptKewl · first_building Castle |
| 44:10 | Mr.Increible · first_building Monastery |
| 45:46 | thison · first_building Castle |
| 46:07 | L2P_Homicide · first_building Archery Range |
| 46:35 | L2P_Homicide · age_up imperial |
| 46:55 | Mr.Increible · age_up imperial |
| 47:10 | BoxHead · wall_segment Stone Wall x6 |
| 47:34 | BoxHead · wall_segment Stone Wall x5 |
| 48:05 | BoxHead · wall_segment Stone Wall x14 |
| 48:06 | bob · first_market_sell 500 wood |
| 49:06 | bob · first_building Siege Workshop |
| 49:31 | Mr.Increible · first_building Archery Range |
| 50:45 | CaptKewl · wall_segment Palisade Wall x1 |
| 51:10 | CaptKewl · age_up imperial |
| 51:29 | CaptKewl · first_building Archery Range |
| 52:20 | BoxHead · first_building Monastery |
| 53:16 | BoxHead · wall_segment Stone Wall x1 |
| 53:42 | hiwu5743 · first_market_buy 100 stone |
| 53:51 | BoxHead · first_building Castle |
| 54:10 | hiwu5743 · tribute_sent a jugador 1 |
| 54:10 | hiwu5743 · tribute_sent a jugador 2 |
| 54:10 | hiwu5743 · tribute_sent a jugador 3 |
| 54:10 | hiwu5743 · tribute_sent a jugador 4 |
| 54:10 | hiwu5743 · tribute_sent a jugador 5 |
| 54:10 | hiwu5743 · tribute_sent a jugador 7 |
| 54:10 | hiwu5743 · tribute_sent a jugador 8 |
| 54:25 | bob · age_up imperial |
| 54:36 | BoxHead · wall_segment Stone Wall x1 |
| 54:37 | BoxHead · wall_segment Stone Wall x1 |
| 54:43 | BoxHead · wall_segment Stone Wall x2 |
| 56:21 | thison · age_up imperial |
| 58:17 | hiwu5743 · tribute_sent a jugador 1 |
| 58:17 | hiwu5743 · tribute_sent a jugador 2 |
| 58:17 | hiwu5743 · tribute_sent a jugador 3 |
| 58:17 | hiwu5743 · tribute_sent a jugador 4 |
| 58:17 | hiwu5743 · tribute_sent a jugador 5 |
| 58:17 | hiwu5743 · tribute_sent a jugador 7 |
| 58:17 | hiwu5743 · tribute_sent a jugador 8 |
[ AI ANALYSIS · 1 CREDIT ]
What really happened in this match?
Wolo.gg analyzes every decision: build order, eco, micro, common mistakes by bracket. Personalized analysis on WhatsApp or Discord in 30 seconds.
Civ guide
Teutons
Perfil
Jugador #4082318